| TOP OF THE 1ST |
|
Houston Colt .45's batting - Pitching for Miami Beach Marlins : RHP Cliff Peters
|
|
Pitching: RHP Cliff Peters
|
|
|
Batting: RHB Patrick Pinault
|
0-0: Called Strike 0-1: Ball 1-1: Foul Ball, location: 2F 1-2: Foul Ball, location: 2F 1-2: Strikes out swinging
|
|
Batting: RHB Arnold Schuler
|
0-0: Swinging Strike 0-1: Ball 1-1: Swinging Strike 1-2: Ball 2-2: Strikes out swinging
|
|
Batting: LHB Bert Middleton
|
0-0: Ball 1-0: Called Strike 1-1: Fly out, F7 (Flyball, 7, EV 86.2 MPH)
|
| Top of the 1st over - 0 runs, 0 hits, 0 errors, 0 left on base; Houston 0 - Miami Beach 0 |
| BOTTOM OF THE 1ST |
|
Miami Beach Marlins batting - Pitching for Houston Colt .45's : LHP Jorge Ortiz
|
|
Pitching: LHP Jorge Ortiz
|
|
|
Batting: SHB Emmet Brickowski
|
0-0: Called Strike 0-1: Swinging Strike 0-2: Foul Ball, location: 2F 0-2: Ball 1-2: Ground out 6-3 (Groundball, 6, EV 93.8 MPH)
|
|
Batting: RHB Chris Harlow
|
0-0: Ball 1-0: Foul Ball, location: 2F 1-1: Called Strike 1-2: Ball 2-2: Ball 3-2: Foul Ball, location: 2F 3-2: Ground out 5-3 (Groundball, 5, EV 100.0 MPH)
|
|
Batting: LHB Luis Ortegon
|
0-0: Ball 1-0: Ball 2-0: Ball 3-0: Base on Balls
|
|
Batting: RHB Torquato Uso
|
0-0: Ball 1-0: Ball 2-0: Called Strike 2-1: Called Strike 2-2: Foul Ball, location: 2F 2-2: Ground out 4-3 (Groundball, 34, EV 83.1 MPH)
|
| Bottom of the 1st over - 0 runs, 0 hits, 0 errors, 1 left on base; Houston 0 - Miami Beach 0 |
| TOP OF THE 2ND |
|
Houston Colt .45's batting - Pitching for Miami Beach Marlins : RHP Cliff Peters
|
|
Batting: LHB Vecdi Hodensack
|
0-0: Ground out 4-3 (Groundball, 34, EV 93.8 MPH)
|
|
Batting: RHB Bill Borden
|
0-0: Called Strike 0-1: Ball 1-1: Ball 2-1: Fly out, F8 (Line Drive, 78D, EV 92.5 MPH)
|
|
Batting: LHB Ryan Fridley
|
0-0: Ball 1-0: Foul Ball, location: 2F 1-1: Ball 2-1: Swinging Strike 2-2: Strikes out swinging
|
| Top of the 2nd over - 0 runs, 0 hits, 0 errors, 0 left on base; Houston 0 - Miami Beach 0 |
| BOTTOM OF THE 2ND |
|
Miami Beach Marlins batting - Pitching for Houston Colt .45's : LHP Jorge Ortiz
|
|
Batting: RHB Scott Talbot
|
0-0: Called Strike 0-1: Ball 1-1: Swinging Strike 1-2: Ball 2-2: Ball 3-2: Base on Balls
|
|
Batting: RHB Jim Smallwood
|
0-0: Ball 1-0: Foul Ball, location: 2F 1-1: Foul Ball, location: 2F 1-2: Strikes out looking
|
|
Batting: LHB Henry Huezo
|
0-0: Called Strike 0-1: Ball 1-1: Foul Ball, location: 2F 1-2: Strikes out swinging
|
|
Batting: RHB Orlando Melendres
|
0-0: Ball 1-0: Hit by Pitch Scott Talbot to second
|
|
Batting: RHB Hektor Luvian
|
0-0: Ball 1-0: Fly out, F7 (Flyball, 78M, EV 94.4 MPH)
|
| Bottom of the 2nd over - 0 runs, 0 hits, 0 errors, 2 left on base; Houston 0 - Miami Beach 0 |
| TOP OF THE 3RD |
|
Houston Colt .45's batting - Pitching for Miami Beach Marlins : RHP Cliff Peters
|
|
Batting: RHB Fernando Acosta
|
0-0: Foul Ball, location: 2F 0-1: Foul Ball, location: 2F 0-2: Strikes out swinging
|
|
Batting: LHB Casper Significant
|
0-0: Reached on error, E6 (Groundball, 56, EV 84.4 MPH)
|
|
Batting: RHB Kenny Beall
|
0-0: Ball 1-0: Foul Ball, location: 2F 1-1: Foul Ball, location: 2F 1-2: Strikes out swinging
|
|
Batting: RHB Patrick Pinault
|
0-0: Called Strike 0-1: Foul Ball, location: 2F 0-2: Strikes out swinging
|
| Top of the 3rd over - 0 runs, 0 hits, 1 error, 1 left on base; Houston 0 - Miami Beach 0 |
| BOTTOM OF THE 3RD |
|
Miami Beach Marlins batting - Pitching for Houston Colt .45's : LHP Jorge Ortiz
|
|
Batting: SHB Emmet Brickowski
|
0-0: Ground out 1-3 (Groundball, 34S, EV 60.6 MPH)
|
|
Batting: RHB Chris Harlow
|
0-0: Swinging Strike 0-1: Foul Ball, location: 2F 0-2: Ball 1-2: SINGLE (Line Drive, 6M, EV 95.6 MPH)
|
|
Batting: LHB Luis Ortegon
|
0-0: Ball 1-0: Ball 2-0: Ball 3-0: Called Strike 3-1: Foul Ball, location: 2F 3-2: Reached on error, E3 (Line Drive, 3, EV 73.1 MPH) Chris Harlow to second
|
|
Batting: RHB Torquato Uso
|
0-0: TRIPLE (Flyball, 9LD, EV 112.5 MPH) Chris Harlow scores Luis Ortegon scores
|
|
Batting: RHB Scott Talbot
|
0-0: Called Strike 0-1: Swinging Strike 0-2: Foul Ball, location: 2F 0-2: Ground out 4-3 (Groundball, 4, EV 82.5 MPH) Torquato Uso scores
|
|
Batting: RHB Jim Smallwood
|
0-0: SINGLE (Groundball, 34D, EV 103.8 MPH)
|
|
Batting: LHB Henry Huezo
|
0-0: Ball 1-0: Swinging Strike 1-1: Fly out, F8 (Flyball, 8LXD, EV 98.8 MPH)
|
| Bottom of the 3rd over - 3 runs, 3 hits, 1 error, 1 left on base; Houston 0 - Miami Beach 3 |
| TOP OF THE 4TH |
|
Houston Colt .45's batting - Pitching for Miami Beach Marlins : RHP Cliff Peters
|
|
Batting: RHB Arnold Schuler
|
0-0: Called Strike 0-1: Ball 1-1: Called Strike 1-2: Ball 2-2: Fly out, F6 (Flyball, 6D, EV 90.6 MPH)
|
|
Batting: LHB Bert Middleton
|
0-0: Swinging Strike 0-1: Ball 1-1: Ball 2-1: Called Strike 2-2: Strikes out swinging
|
|
Batting: LHB Vecdi Hodensack
|
0-0: Ball 1-0: Ball 2-0: Ball 3-0: Called Strike 3-1: SOLO HOME RUN (Line Drive, 89XD, EV 115.6 MPH), Distance : 440 ft
|
|
Batting: RHB Bill Borden
|
0-0: Fly out, F6 (Flyball, 6MD, EV 84.4 MPH)
|
| Top of the 4th over - 1 run, 1 hit, 0 errors, 0 left on base; Houston 1 - Miami Beach 3 |
| BOTTOM OF THE 4TH |
|
Miami Beach Marlins batting - Pitching for Houston Colt .45's : LHP Jorge Ortiz
|
|
Batting: RHB Orlando Melendres
|
0-0: Ball 1-0: Called Strike 1-1: Ball 2-1: Ball 3-1: Base on Balls
|
|
Batting: RHB Hektor Luvian
|
0-0: Grounds into double play, 4-6-3 (Groundball, 4, EV 88.8 MPH)
|
|
Batting: SHB Emmet Brickowski
|
0-0: Ball 1-0: Ball 2-0: Ball 3-0: Called Strike 3-1: Base on Balls
|
|
Batting: RHB Chris Harlow
|
0-0: 2-RUN HOME RUN (Flyball, 78XD, EV 112.5 MPH), Distance : 440 ft
|
|
Pitching: RHP Kuaika Anakala
|
|
|
Batting: LHB Luis Ortegon
|
0-0: Swinging Strike 0-1: Ball 1-1: Foul Ball, location: 2F 1-2: Foul Ball, location: 2F 1-2: Ball 2-2: Ball 3-2: Ground out 5-3 (Groundball, 5, EV 96.2 MPH)
|
| Bottom of the 4th over - 2 runs, 1 hit, 0 errors, 0 left on base; Houston 1 - Miami Beach 5 |
| TOP OF THE 5TH |
|
Houston Colt .45's batting - Pitching for Miami Beach Marlins : RHP Cliff Peters
|
|
Batting: LHB Ryan Fridley
|
0-0: Ball 1-0: Called Strike 1-1: Called Strike 1-2: Ball 2-2: Ball 3-2: Fly out, F9 (Flyball, 9S, EV 88.8 MPH)
|
|
Batting: RHB Fernando Acosta
|
0-0: DOUBLE (Line Drive, 9LS, EV 93.1 MPH)
|
|
Batting: LHB Casper Significant
|
0-0: 2-RUN HOME RUN (Flyball, 78XD, EV 108.8 MPH), Distance : 428 ft
|
|
Batting: RHB Kenny Beall
|
0-0: Ball 1-0: Ball 2-0: Called Strike 2-1: Fly out, F8 (Flyball, 89D, EV 89.4 MPH)
|
|
Batting: RHB Patrick Pinault
|
0-0: Called Strike 0-1: Ball 1-1: Swinging Strike 1-2: Ground out 5-3 (Groundball, 56, EV 78.1 MPH)
|
| Top of the 5th over - 2 runs, 2 hits, 0 errors, 0 left on base; Houston 3 - Miami Beach 5 |
| BOTTOM OF THE 5TH |
|
Miami Beach Marlins batting - Pitching for Houston Colt .45's : RHP Kuaika Anakala
|
|
Batting: RHB Torquato Uso
|
0-0: Called Strike 0-1: Ground out 5-3 (Groundball, 56, EV 103.1 MPH)
|
|
Batting: RHB Scott Talbot
|
0-0: DOUBLE (Line Drive, 7LS, EV 101.9 MPH)
|
|
Batting: RHB Jim Smallwood
|
0-0: Ground out 5-3 (Groundball, 5S, EV 86.9 MPH)
|
|
Batting: LHB Henry Huezo
|
0-0: Ball 1-0: Ball 2-0: SINGLE (Line Drive, 34D, EV 97.5 MPH) Scott Talbot to third Runner from 3rd tries for Home, SAFE, throw by RF to home
|
|
Batting: RHB Orlando Melendres
|
0-0: Called Strike 0-1: Ball 1-1: Ball 2-1: Ball 3-1: Base on Balls Henry Huezo to second
|
|
Batting: RHB Hektor Luvian
|
0-0: Called Strike 0-1: Ball 1-1: Called Strike 1-2: Strikes out swinging
|
| Bottom of the 5th over - 1 run, 2 hits, 0 errors, 2 left on base; Houston 3 - Miami Beach 6 |
| TOP OF THE 6TH |
|
Houston Colt .45's batting - Pitching for Miami Beach Marlins : RHP Cliff Peters
|
|
Batting: RHB Arnold Schuler
|
0-0: Called Strike 0-1: Ball 1-1: Foul Ball, location: 2F 1-2: DOUBLE (Line Drive, 7LS, EV 110.0 MPH)
|
|
Batting: LHB Bert Middleton
|
0-0: Swinging Strike 0-1: Swinging Strike 0-2: Strikes out swinging
|
|
Batting: LHB Vecdi Hodensack
|
0-0: Ball 1-0: Swinging Strike 1-1: Ball 2-1: Fly out, F8 (Flyball, 8LD, EV 109.4 MPH)
|
|
Batting: RHB Bill Borden
|
0-0: Ball 1-0: Called Strike 1-1: Swinging Strike 1-2: Strikes out swinging
|
| Top of the 6th over - 0 runs, 1 hit, 0 errors, 1 left on base; Houston 3 - Miami Beach 6 |
| BOTTOM OF THE 6TH |
|
Miami Beach Marlins batting - Pitching for Houston Colt .45's : RHP Kuaika Anakala
|
|
Batting: SHB Emmet Brickowski
|
0-0: Ball 1-0: Called Strike 1-1: Foul Ball, location: 2F 1-2: Ball 2-2: Strikes out swinging
|
|
Pitching: LHP Frank Vazquez
|
|
|
Batting: RHB Chris Harlow
|
0-0: Called Strike 0-1: Foul Ball, location: 2F 0-2: Ball 1-2: Ball 2-2: Strikes out swinging
|
|
Batting: LHB Luis Ortegon
|
0-0: Called Strike 0-1: Foul Ball, location: 2F 0-2: Ball 1-2: Foul Ball, location: 2F 1-2: Strikes out swinging
|
| Bottom of the 6th over - 0 runs, 0 hits, 0 errors, 0 left on base; Houston 3 - Miami Beach 6 |
| TOP OF THE 7TH |
|
Houston Colt .45's batting - Pitching for Miami Beach Marlins : RHP Cliff Peters
|
|
Batting: LHB Ryan Fridley
|
0-0: Fly out, F7 (Flyball, 7S, EV 88.1 MPH)
|
|
Batting: RHB Fernando Acosta
|
0-0: Ball 1-0: Ball 2-0: Called Strike 2-1: Ball 3-1: Fly out, F9 (Line Drive, 9, EV 96.9 MPH)
|
|
Batting: LHB Casper Significant
|
0-0: Ball 1-0: Ball 2-0: Called Strike 2-1: Foul Ball, location: 2F 2-2: Ball 3-2: Strikes out swinging
|
| Top of the 7th over - 0 runs, 0 hits, 0 errors, 0 left on base; Houston 3 - Miami Beach 6 |
| BOTTOM OF THE 7TH |
|
Miami Beach Marlins batting - Pitching for Houston Colt .45's : LHP Frank Vazquez
|
|
Batting: RHB Torquato Uso
|
0-0: Ball 1-0: Foul Ball, location: 2F 1-1: SINGLE (Flyball, 8LM, EV 99.4 MPH)
|
|
Batting: RHB Scott Talbot
|
0-0: Ball 1-0: Called Strike 1-1: Ball 2-1: Ball 3-1: Base on Balls Torquato Uso to second
|
|
Batting: RHB Jim Smallwood
|
0-0: Ball 1-0: Foul Ball, location: 2F 1-1: Swinging Strike 1-2: Strikes out looking
|
|
Batting: LHB Henry Huezo
|
0-0: Ball 1-0: Ball 2-0: Swinging Strike 2-1: Fly out, F7 (Flyball, 7, EV 80.0 MPH)
|
|
Batting: RHB Orlando Melendres
|
0-0: Ball 1-0: Ball 2-0: Foul Ball, location: 2F 2-1: Swinging Strike 2-2: Strikes out swinging
|
| Bottom of the 7th over - 0 runs, 1 hit, 0 errors, 2 left on base; Houston 3 - Miami Beach 6 |
| TOP OF THE 8TH |
|
Houston Colt .45's batting - Pitching for Miami Beach Marlins : RHP Cliff Peters
|
|
Batting: RHB Kenny Beall
|
0-0: Swinging Strike 0-1: Called Strike 0-2: Strikes out swinging
|
|
Batting: RHB Patrick Pinault
|
0-0: Called Strike 0-1: Fly out, F7 (Line Drive, 7, EV 100.6 MPH)
|
|
Batting: RHB Arnold Schuler
|
0-0: Ball 1-0: Swinging Strike 1-1: Called Strike 1-2: Ball 2-2: Foul Ball, location: 2F 2-2: Strikes out swinging
|
| Top of the 8th over - 0 runs, 0 hits, 0 errors, 0 left on base; Houston 3 - Miami Beach 6 |
| BOTTOM OF THE 8TH |
|
Miami Beach Marlins batting - Pitching for Houston Colt .45's : LHP Frank Vazquez
|
|
Batting: RHB Hektor Luvian
|
0-0: Called Strike 0-1: Ball 1-1: Foul Ball, location: 2F 1-2: Ball 2-2: Strikes out swinging
|
|
Pitching: RHP Marc Marchand
|
|
|
Batting: SHB Emmet Brickowski
|
0-0: Ball 1-0: Ball 2-0: Swinging Strike 2-1: SINGLE (Line Drive, 4D, EV 96.9 MPH)
|
|
Batting: RHB Chris Harlow
|
0-0: Ball Emmet Brickowski steals 2nd base 1-0: Foul Ball, location: 2F 1-1: Ball 2-1: Called Strike 2-2: Foul Ball, location: 2F 2-2: Hit by Pitch
|
|
Batting: LHB Luis Ortegon
|
0-0: Called Strike Emmet Brickowski steals 3rd base (no throw) Chris Harlow to second 0-1: Ball 1-1: Ball 2-1: Foul Ball, location: 2F 2-2: Ball 3-2: Foul Ball, location: 2F 3-2: Foul Ball, location: 2F 3-2: Reached on error, E6 (Groundball, 6, EV 91.2 MPH) Emmet Brickowski scores Chris Harlow scores
|
|
Batting: RHB Torquato Uso
|
0-0: Swinging Strike 0-1: Called Strike 0-2: Strikes out looking
|
|
Batting: RHB Scott Talbot
|
0-0: Called Strike 0-1: Ball 1-1: Foul Ball, location: 2F 1-2: SINGLE (Groundball, 6MD, EV 95.6 MPH) Luis Ortegon to third Runner from 3rd tries for Home, SAFE, throw by CF to home
|
|
Batting: RHB Jim Smallwood
|
0-0: Called Strike 0-1: Ball 1-1: Foul Ball, location: 2F 1-2: Foul Ball, location: 2F 1-2: Ball 2-2: Fielders Choice at 2nd, 5-4 (Groundball, 56, EV 85.6 MPH)
|
| Bottom of the 8th over - 3 runs, 2 hits, 1 error, 1 left on base; Houston 3 - Miami Beach 9 |
| TOP OF THE 9TH |
|
Houston Colt .45's batting - Pitching for Miami Beach Marlins : RHP Cliff Peters
|
|
Pitching: RHP Willie Mojica
|
|
|
Batting: LHB Bert Middleton
|
0-0: Called Strike 0-1: Fly out, F8 (Flyball, 8RXD, EV 97.5 MPH)
|
|
Batting: LHB Vecdi Hodensack
|
0-0: SINGLE (Line Drive, 7LM, EV 100.0 MPH)
|
|
Pinch Hitting: RHB Jesus Diego
|
0-0: Called Strike 0-1: Ball 1-1: Swinging Strike 1-2: Fly out, F9 (Flyball, 9, EV 91.2 MPH)
|
|
Batting: LHB Ryan Fridley
|
0-0: Ground out 4-3 (Groundball, 34, EV 85.0 MPH)
|
| Top of the 9th over - 0 runs, 1 hit, 0 errors, 1 left on base; Houston 3 - Miami Beach 9 |
|